 Dungeon Crawl Stone Soup version 0.19.4-8-ga85b6b9 (webtiles) character file.

103 empire the Skirmisher (level 4, -2/40 HPs)
             Began as a Draconian Monk on Feb 14, 2017.
             Killed from afar by an orc wizard (4 damage)
             ... with a magic dart
             ... on level 4 of the Dungeon.
             The game lasted 00:05:36 (2377 turns).

empire the Skirmisher (Draconian Monk)              Turns: 2377, Time: 00:05:37

Health: -2/40      AC:  6    Str: 14    XL:     4   Next: 51%
Magic:  4/4        EV: 12    Int: 10    God:
Gold:   145        SH:  5    Dex: 14    Spells: 0 memorised, 3 levels left

rFire  x . .     SeeInvis .     a - +0 short sword
rCold  + . .     Gourm    .     (armour unavailable)
rNeg   . . .     Faith    .     f - +2 buckler
rPois  .         Spirit   .     (helmet restricted)
rElec  .         Reflect  .     (no cloak)
rCorr  .         Harm     .     j - +0 pair of gloves
MR     .....                    (no boots)
Stlth  ++........               (no amulet)
                                (no ring)
                                q - ring of ice

@: no status effects
A: unfitting armour, cold-blooded, AC +5
a: no special abilities


You were on level 4 of the Dungeon.
You were not hungry.

You visited 1 branch of the dungeon, and saw 4 of its levels.

You collected 145 gold pieces.

Inventory:

Hand Weapons
 a - a +0 short sword (weapon)
Armour
 f - a +2 buckler (worn)
 j - a +0 pair of gloves (worn)
Jewellery
 q - a ring of ice (left hand)
Scrolls
 d - a scroll of fear {unknown}
Potions
 e - a potion of lignification
Comestibles
 b - 2 bread rations
 c - a chunk of flesh
 g - a beef jerky
 h - 5 fruits
 n - a royal jelly


   Skills:
 + Level 4.1 Fighting
 + Level 3.8 Short Blades
 + Level 3.2 Dodging
 + Level 2.6 Stealth


You had 3 spell levels left.
You didn't know any spells.

Dungeon Overview and Level Annotations

Branches:
Dungeon (4/15)
 Temple: D:4-7

Altars:
Cheibriados
Okawaru
Xom


Innate Abilities, Weirdness & Mutations

Your plain brown scales are hard. (AC +5)
You cannot fit into any form of body armour.
You are cold-blooded and may be slowed by cold attacks.


Message History

Reactivating autopickup.
The orc wizard hits you with an enchanted dagger.
* * * LOW HITPOINT WARNING * * *
You hit the orc wizard.
The orc wizard is heavily wounded.
The orc wizard hits you with an enchanted dagger.
* * * LOW HITPOINT WARNING * * *
You hit the orc wizard but do no damage.
Your tail-slap misses the orc wizard.
The orc wizard is heavily wounded.
The orc wizard closely misses you.
You hit the orc wizard.
The orc wizard is severely wounded.
The orc wizard gestures at you while chanting.
The puff of flame misses you.
You hit the orc wizard.
The orc wizard is almost dead.
The orc wizard casts a spell at you. The magic dart hits you!
You die...

### #@# ..###
#o#
......#o######
#.........#
#.........#
#.........#
##........#
#........#
#....[...#


You could see an orc wizard and an orc.

Vanquished Creatures
  A worker ant (D:4)
  3 adders
  A worm (D:2)
  3 leopard geckos
  2 orcs (D:4)
  5 bats (D:1)
  5 giant cockroaches
  6 goblins
  8 hobgoblins
  A ball python (D:4)
  5 frilled lizards
  3 kobolds
  2 rats
45 creatures vanquished.

Notes
Turn   | Place    | Note
-------+----------+-------------------------------------------
     0 | D:1      | empire the Draconian Monk began the quest for the Orb.
     0 | D:1      | Reached XP level 1. HP: 19/19 MP: 1/1
   249 | D:1      | Reached XP level 2. HP: 20/26 MP: 2/2
   820 | D:2      | Found an iron altar of Okawaru.
   839 | D:2      | Found a snail-covered altar of Cheibriados.
   854 | D:2      | Found a faded altar of an unknown god.
   895 | D:2      | Reached XP level 3. HP: 33/33 MP: 3/3
  1257 | D:2      | Found a shimmering altar of Xom.
  1259 | D:2      | Found a shimmering altar of Xom.
  1259 | D:2      | Found an ancient bone altar of Kikubaaqudgha.
  1261 | D:2      | Found a sparkling altar of Nemelex Xobeh.
  1261 | D:2      | Found a burning altar of Makhleb.
  1261 | D:2      | Found a radiant altar of Vehumet.
  1971 | D:3      | Reached XP level 4. HP: 27/40 MP: 4/4
  2161 | D:4      | Reached skill level 4 in Fighting
  2374 | D:4      | HP: 2/40 [orc wizard/enchanted dagger (4)]
  2377 | D:4      | Killed from afar by an orc wizard

Skill      XL: |  1  2  3  4 |
---------------+-------------+-----
Stealth        | 2 |  2.6
Dodging        | 3 |  3.2
Fighting       | 4 |  4.1
Short Blades   | |  3.8

Action                   |  1- 3 |  4- 6 || total
-------------------------+-------+-------++-------
Melee: Short sword       |   175 |    72 ||   247
       Tailslap          |    18 |     3 ||    21
  Use: Scroll            |     5 |       ||     5
       Potion            |       |     8 ||     8
 Stab: Sleeping          |     5 |       ||     5
  Eat: Chunk             |     3 |     2 ||     5
Armor: Skin              |    58 |    12 ||    70
Dodge: Dodged            |   129 |    24 ||   153
Block: Buckler           |    26 |    13 ||    39
